 Dungeon Crawl Stone Soup version 0.29-a0-506-ga2e7fffb44 (webtiles) character file.

Game seed: 4513324140876682004

740 happo123 the Sneak (level 8, -2/67 HPs)
             Began as a Kobold Enchanter on May 29, 2022.
             Was an Initiate of Fedhas.
             Slain by a scorpion (4 damage)
             ... on level 5 of the Dungeon.
             The game lasted 00:21:54 (5029 turns).

happo123 the Sneak (Kobold Enchanter)               Turns: 5029, Time: 00:21:57

Health: -2/67      AC: 24    Str:  5 (6)  XL:     8   Next: 5%
Magic:  13/13      EV:  3    Int: 16 (18) God:    Fedhas [......]
Gold:   194        SH:  0    Dex: 12 (15) Spells: 3/14 levels left

rFire   . . .      SeeInvis .   a - +1 dagger
rCold   . . .      Faith    .   (no shield)
rNeg    + . .      Spirit   .   (body armour currently unavailable)
rPois   +          Reflect  .   (helmet currently unavailable)
rElec   .          Harm     .   (cloak currently unavailable)
rCorr   .          Rampage  .   (gloves currently unavailable)
Will    +....      NoTele   +   (boots currently unavailable)
Stlth   ++++......              v - amulet of the acrobat
HPRegen 0.21/turn               k - ring of willpower
MPRegen 0.13/turn               p - ring of positive energy

@: brilliant, lethally poisoned (-2 -> -5), tree-form
A: stationary, stasis, torment immunity, boosted hp, small, no large weapons,
nightstalker 3
a: Renounce Religion


You were on level 5 of the Dungeon.
You worshipped Fedhas.
Fedhas was noncommittal.
You were a tree.
You visited 2 branches of the dungeon, and saw 6 of its levels.

You collected 194 gold pieces.

Inventory:

Hand Weapons
 a - a +1 dagger (weapon)
 w - a +0 shortbow
Armour
 b - a +0 robe (melded)
 o - a +0 pair of gloves (melded)
Jewellery
 k - a ring of willpower (left branch)
 p - a ring of positive energy (right branch)
 t - a ring of protection from cold
 v - an amulet of the acrobat (around neck)
Scrolls
 d - 8 scrolls of identify {unknown}
 e - 3 scrolls of vulnerability {unknown}
 f - 3 scrolls of brand weapon {unknown}
 g - 2 scrolls of immolation {unknown}
 h - a scroll of enchant weapon {unknown}
 j - 3 scrolls of teleportation {unknown}
 m - a scroll of noise {unknown}
 s - a scroll of poison {unknown}
Potions
 c - 2 potions of invisibility
 i - a potion of magic
 l - 3 potions of lignification
 n - a potion of brilliance
 q - a potion of haste {unknown}
 r - a potion of degeneration
 u - 2 potions of cancellation {unknown}


   Skills:
 + Level 2.9 Fighting
 + Level 4.0 Short Blades
 + Level 4.3 Dodging
 + Level 5.9 Stealth
 + Level 3.5 Spellcasting
 * Level 5.2 Hexes
 * Level 2.0 Invocations


You had 3 spell levels left.
You knew the following spells:

 Your Spells              Type           Power      Damage    Failure   Level
a - Ensorcelled Hibernat  Hex/Ice        32%        N/A       9%          2
b - Confusing Touch       Hex            29%        N/A       6%          3
c - Tukima's Dance        Hex            29%        N/A       6%          3
d - Dazzling Flash        Conj/Hex       32%        N/A       19%         3

Your spell library contained the following spells:

 Spells                   Type           Power      Damage    Failure   Level
 Ozocubu's Armour         Ice            4%         N/A       47%         3
 Ozocubu's Refrigeration  Ice            2%         4d5       100%        7


Dungeon Overview and Level Annotations

Branches:
Dungeon (5/15)             Temple (1/1) D:5

Altars:
Dithmenos
Elyvilon
Fedhas
Kikubaaqudgha
Makhleb
Nemelex Xobeh
Okawaru
Qazlal
Ru
Sif Muna
Trog
Wu Jian
Yredelemnul
Zin


Innate Abilities, Weirdness & Mutations

You are a tree.
Your roots penetrate the ground, keeping you stationary.
You cannot be teleported.
You are immune to unholy pain and torment.
Your maximum health is greatly increased.
Your equipment is partially melded.
You are small and have problems with some larger weapons.
You are completely attuned to the shadows.


Message History

The orc hits you but does no damage. The scorpion stings you.
Aiming: Ensorcelled Hibernation (safe; 8% risk of failure)
Press: ? - help, Q - select action, (/) - cycle Shift-Dir - straight line, f/p - scorpion
Aim: a scorpion (severely wounded, not susceptible)
The scorpion is unaffected.
The orc misses you. The scorpion stings you.
You are lethally poisoned!
The scorpion poisons you!
You hit the scorpion.
The scorpion is severely wounded.
* * * LOW HITPOINT WARNING * * *
You feel very sick. The scorpion completely misses you.
The orc barely misses you.
* * * LOW HITPOINT WARNING * * *
You feel sick.
It was a potion of lignification.
You turn into a tree.
Your +0 pair of gloves melds into your body.
Your +0 robe melds into your body.
Your roots penetrate the ground.
You feel sick. The scorpion stings you.
* * * LOW HITPOINT WARNING * * *
The orc hits you but does no damage.
It was a potion of magic.
Magic courses through your body.
* * * LOW HITPOINT WARNING * * *
You feel sick.
The scorpion stings you but does no damage.
The orc hits you but does no damage.
It was a potion of brilliance.
You feel clever all of a sudden.
* * * LOW HITPOINT WARNING * * *
You feel sick.
The scorpion stings you but does no damage.
The orc hits you but does no damage.
The scorpion stings you but does no damage.
It was a potion of degeneration.
There was something very wrong with that liquid.
You feel weakened.
You feel dopey.
You feel clumsy.
* * * LOW HITPOINT WARNING * * *
You feel sick. The scorpion stings you.
You die...
Fedhas appreciates your contribution to the ecosystem.

###############
..............## ######
#.##.##.##.##..###....#
##############..##....# #
#..#..##s♣..#..# #
#..#.o#####).# #
#..#.##....#..#
##############........#
#.##.##.##.##...<..#..#
................)....##
###.#........)).....#####
#...............).....##
###....................##


You could see a scorpion and an orc.

Vanquished Creatures
  An ogre (D:5)
  A centaur (D:5)
  A necrophage (D:5)
  A scorpion (D:5)
  A howler monkey (Temple)
  2 jellies
  3 hounds
  2 orc priests (D:5)
  An iguana (D:4)
  6 adders
  A shadow imp (D:5)
  A white imp (D:5)
  An ufetubus (D:5)
  2 worms
  4 dart slugs
  7 orcs
  10 endoplasms
  A giant cockroach (D:1)
  6 goblins
  9 hobgoblins
  8 kobolds
  6 quokkas
  A ball python (D:1)
  4 bats
  3 frilled lizards
  3 rats
86 creatures vanquished.

Notes
Turn   | Place    | Note
-------+----------+-------------------------------------------
     0 | D:1      | happo123 the Kobold Enchanter began the quest for the Orb.
     0 | D:1      | Reached XP level 1. HP: 10/10 MP: 3/3
   332 | D:1      | Found a faded altar of an unknown god.
   342 | D:1      | Reached XP level 2. HP: 15/15 MP: 5/5
   345 | D:1      | Learned a level 2 spell: Ensorcelled Hibernation
   823 | D:2      | Reached XP level 3. HP: 20/20 MP: 6/6
   827 | D:2      | Learned a level 3 spell: Confusing Touch
  1262 | D:2      | Reached skill level 1 in Fighting
  1294 | D:2      | Reached XP level 4. HP: 25/25 MP: 7/7
  1979 | D:3      | Learned a level 3 spell: Tukima's Dance
  2421 | D:3      | Reached XP level 5. HP: 29/29 MP: 7/9
  2539 | D:3      | Found a sparkling altar of Nemelex Xobeh.
  3271 | D:4      | Reached skill level 5 in Stealth
  3496 | D:4      | Reached XP level 6. HP: 35/35 MP: 10/10
  3746 | D:5      | Entered Level 5 of the Dungeon
  3984 | D:5      | Found a staircase to the Ecumenical Temple.
  3991 | Temple   | Entered the Ecumenical Temple
  3994 | Temple   | Reached XP level 7. HP: 40/40 MP: 8/11
  4105 | Temple   | Became a worshipper of Fedhas Madash
  4560 | D:5      | Reached skill level 5 in Hexes
  4560 | D:5      | Reached skill level 1 in Invocations
  4799 | D:5      | Reached XP level 8. HP: 42/45 MP: 7/13
  4803 | D:5      | Learned a level 3 spell: Dazzling Flash
  5028 | D:5      | HP: 3/67 [poisoned by a scorpion]
  5029 | D:5      | Slain by a scorpion

Illustrated notes

Levels and vault maps discovered:
D:1:      roderic_octagonal_star, layout_loops_ring,
          ebering_ecumenical_altar_box
D:2:      layout_loops_ring, minmay_split_cup_small
D:3:      layout_loops_corners, mainiacjoe_overflow_concentric_impassable
D:4:      layout_cave_pools
D:5:      layout_rooms, minmay_temple_entry_sparse_star,
          minmay_manual_macuahuitl
Temple:   nicolae_temple_figure_eight

Skill      XL: |  1  2  3  4  5  6  7 |
---------------+----------------------+-----
Fighting       | 1 2 |  2.9
Short Blades   | 2 3 4 |  4.0
Dodging        | 3 4 |  4.3
Hexes          | 4 5 |  5.2
Stealth        | 5 |  5.9
Spellcasting   | 3 |  3.5
Invocations    | 2 |  2.0

Action                   |  1- 3 |  4- 6 |  7- 9 || total
-------------------------+-------+-------+-------++-------
Melee: Dagger            |    60 |    80 |    79 ||   219
       Punch             |       |     2 |       ||     2
 Cast: Ensorcelled Hiber |    10 |    22 |    10 ||    42
       Confusing Touch   |       |     2 |     5 ||     7
       Tukima's Dance    |       |       |     2 ||     2
  Use: Potion            |       |       |     4 ||     4
 Stab: Sleeping          |    24 |    32 |     7 ||    63
       Distracted        |     1 |       |     1 ||     2
       Confused          |       |     2 |     2 ||     4
Armor: Robe              |     8 |    10 |     9 ||    27
       Skin              |       |       |     6 ||     6
Dodge: Dodged            |    36 |    63 |    37 ||   136

Table legend: (Time is in decaauts)
 A = Elapsed time spent in this place.
 B = Non-inter-level travel time spent in this place.
 C = Inter-level travel time spent in this place.
 D = Time resting spent in this place.
 E = Time spent auto-exploring this place.
 F = Levels seen in this place.
 G = Mean time per level.
                   A        B        C        D        E       F      G
               +--------+--------+--------+--------+--------+-----+--------+
         Total |   4999 |   4672 |    327 |    357 |   3505 |   6 |  833.2 |
       Dungeon |   4729 |   4418 |    311 |    357 |   3260 |   5 |  945.8 |
        Temple |    270 |    254 |     16 |      0 |    245 |   1 |  270.0 |
               +--------+--------+--------+--------+--------+-----+--------+

Top non-repeatable levels by time:
     D:2: 1131 daAuts
     D:3: 1068 daAuts
     D:5: 996 daAuts
     D:1: 802 daAuts
     D:4: 729 daAuts
  Temple: 270 daAuts
